 Dungeon Crawl Stone Soup version 0.28.0-43-g3370ac3207 (webtiles) character file.

Game seed: 4192067960109412166

10182 crimpus the Protected (level 11, -3/102 (104) HPs)
             Began as a Minotaur Fighter on Mar 27, 2022.
             Was a Priest of the Shining One.
             Slain by a boulder beetle (12 damage)
             ... on level 10 of the Dungeon.
             The game lasted 00:16:00 (11552 turns).

crimpus the Protected (Minotaur Fighter)           Turns: 11552, Time: 00:16:00

HP:   -3/102 (104)  AC: 21    Str: 23    XL:     11   Next: 32%
MP:   12/12         EV:  9    Int:  5    God:    the Shining One [***...]
Gold: 812           SH:  6    Dex: 12    Spells: 10/10 levels left

rFire   . . .      SeeInvis .   A - +3 long sword (freeze)
rCold   . . .      Faith    .   c - +0 buckler
rNeg    + . .      Spirit   .   f - +0 plate armour
rPois   .          Reflect  .   (helmet restricted)
rElec   .          Harm     .   g - +1 cloak
rCorr   .          Rampage  .   (no gloves)
Will    +....                   (no boots)
Stlth   ..........              n - amulet of regeneration
HPRegen 1.07/turn               C - ring of willpower
MPRegen 0.13/turn               D - ring of flight

@: mighty, flying, glowing, lightly drained
A: horns 2, retaliatory headbutt, iridescent scales 1, sturdy frame 1
a: Renounce Religion, Divine Shield, Cleansing Flame


You were on level 10 of the Dungeon.
You worshipped the Shining One.
The Shining One was most pleased with you.
You visited 2 branches of the dungeon, and saw 12 of its levels.
You also visited: Ossuary.

You collected 812 gold pieces.

Inventory:

Hand Weapons
 a - a +1 war axe
 t - a +0 whip of flaming
 A - a +3 long sword of freezing (weapon)
Missiles
 q - 3 throwing nets (quivered)
Armour
 c - a +0 buckler (worn)
 f - a +0 plate armour (worn)
 g - a +1 cloak (worn)
Jewellery
 l - a ring of protection from cold
 n - an amulet of regeneration (around neck)
 r - an amulet of the acrobat
 w - a ring of flight
 z - an amulet of magic regeneration
 C - a ring of willpower (left hand)
 D - a ring of flight (right hand)
Wands
 d - a wand of polymorph (7)
 E - a wand of mindburst (7)
Scrolls
 b - a scroll of amnesia {unknown}
 e - 3 scrolls of identify
 k - 2 scrolls of fear
 o - a scroll of enchant armour
 v - a scroll of summoning
 x - 3 scrolls of magic mapping
 y - 5 scrolls of fog
 B - 2 scrolls of teleportation
 H - a scroll of blinking
 I - a scroll of enchant weapon
Potions
 h - 3 potions of brilliance
 i - 2 potions of attraction
 j - 3 potions of flight
 m - a potion of might
 p - 4 potions of curing
 s - 3 potions of degeneration
 u - a potion of mutation
 F - a potion of heal wounds
 G - a potion of haste


   Skills:
 * Level 12.1 Fighting
 - Level 2.4 Axes
 * Level 14.0 Armour
 + Level 2.5 Dodging
 * Level 11.0 Shields
 * Level 3.4 Invocations


You had 10 spell levels left.
You didn't know any spells.
Your spell library contained the following spells:

 Spells                   Type           Power      Damage    Failure   Level
 Inner Flame              Hex/Fire       0%         N/A       100%        3
 Cause Fear               Hex            0%         N/A       100%        4
 Discord                  Hex            0%         N/A       100%        8


Dungeon Overview and Level Annotations

Branches:
Dungeon (11/15)            Temple (1/1) D:7            Lair (0/6) D:8
    Orc (0/2) D:9         Ossuary (visited)

Altars:
Ashenzari
Cheibriados
Dithmenos
Elyvilon
Fedhas
Gozag
Hepliaklqana
Kikubaaqudgha
Makhleb
Nemelex Xobeh
Okawaru
Qazlal
Ru
Sif Muna
Trog
Uskayaw
Vehumet
Wu Jian
Xom
Yredelemnul
Zin
The Shining One

Portals:
Trove: D:10 (give +2 gold dragon scales)


Innate Abilities, Weirdness & Mutations

You have a pair of horns on your head.
You reflexively headbutt those who attack you in melee.
You are partially covered in iridescent scales. (AC +2)
Your movements are slightly less encumbered by armour. (ER -2)


Message History

There is a stone staircase leading up, spattered with blood here.
You feel much better. The boulder beetle barely misses you.
You hit the boulder beetle. You freeze the boulder beetle.
The boulder beetle is heavily wounded.
The boulder beetle bites you.
The boulder beetle leaps!
You block the boulder beetle's attack.
You hit the boulder beetle. You freeze the boulder beetle.
The boulder beetle is heavily wounded.
A boulder beetle comes into view.
The boulder beetle barely misses you.
You hit the boulder beetle. You freeze the boulder beetle.
The boulder beetle is heavily wounded.
The boulder beetle leaps!
The boulder beetle closely misses you. The boulder beetle bites you.
There is a stone staircase leading up, spattered with blood here.
The boulder beetle bites you but does no damage.
You fly upwards.
There is a stone staircase leading down here.
You hit the boulder beetle but do no damage.
You headbutt the boulder beetle, but do no damage.
The boulder beetle is heavily wounded.
The boulder beetle bites you!
* * * LOW HITPOINT WARNING * * *
You block the boulder beetle's attack.
You hit the boulder beetle but do no damage.
The boulder beetle is heavily wounded.
The boulder beetle closely misses you. You furiously retaliate!
You headbutt the boulder beetle, but do no damage.
You hit the boulder beetle but do no damage.
The boulder beetle is heavily wounded.
The boulder beetle closely misses you. The boulder beetle bites you.
* * * LOW HITPOINT WARNING * * *
You feel very mighty all of a sudden. The boulder beetle bites you!
* * * LOW HITPOINT WARNING * * *
You hit the boulder beetle. You freeze the boulder beetle.
The boulder beetle is heavily wounded.
The boulder beetle waves its antennae.
The boulder beetle bites you!
You die...

#...................#...#.......
#......>............#####.......
#.###'###..............+........
#.#.....#..............#........
###.#.#.#.##.##...##..###....##.
#.....####.##...##..###..<.##.
#.#.#.#..............#........
#.....#..............#[.......
#.#.#.#......@B......#........
#.....#..............#........
#.#.#.#.###....###...##....###
#.....#.###...[###...##....###
###∩###......[[.).(.....<.....
#####.......)...............
##.........................
#.....#####'###...###...[.#
####### #..###...###...###


You could see a boulder beetle.

Vanquished Creatures
  A tengu warrior (D:9)
  Pikel (D:4)
  5 centaur zombies
  Joseph (D:7)
  A gargoyle (D:9)
  A komodo dragon (D:8)
  2 trolls
  A hornet (D:9)
  11 yaks
  2 vampires
  2 wyverns (D:9)
  4 steam dragons
  3 water moccasins
  3 orc warriors
  5 black bears
  3 ogres
  2 centaurs
  A kobold brigand (D:9)
  A phantom (D:4)
  An elf zombie (Ossuary)
  5 bullfrogs
  2 wyvern zombies
  A gnoll sergeant (D:7)
  A wyvern skeleton (D:6)
  12 wights
  2 vampire bats (D:8)
  2 bullfrog zombies
  2 hounds
  5 orc priests
  2 human zombies (Ossuary)
  2 jellies
  A centaur skeleton (D:4)
  2 gnoll shamans
  A bullfrog skeleton (D:5)
  2 iguanas
  10 orc wizards
  4 mummies (Ossuary)
  A howler monkey zombie (D:9)
  Robin (D:3)
  7 gnolls
  9 adders
  2 shadow imps (D:7)
  A white imp (D:8)
  2 adder zombies (D:4)
  An adder skeleton (D:4)
  A worm (D:1)
  2 dart slugs (D:2)
  23 orcs
  9 ball pythons
  5 bats
  2 bat skeletons (D:8)
  4 bat zombies (D:8)
  9 endoplasms
  4 giant cockroaches
  9 goblins
  11 hobgoblins
  3 jackals (D:3)
  5 quokkas
  3 frilled lizards (D:3)
  3 gnoll zombies (Ossuary)
  2 goblin zombies (Ossuary)
  2 hobgoblin zombies (Ossuary)
  11 kobolds
  An orc zombie (Ossuary)
  2 rats
  A rat zombie (Ossuary)
243 creatures vanquished.

Vanquished Creatures (others)
  42 fungi
  40 plants
82 creatures vanquished.

Grand Total: 325 creatures vanquished

Notes
Turn   | Place    | Note
-------+----------+-------------------------------------------
     0 | D:1      | crimpus the Minotaur Fighter began the quest for the Orb.
     0 | D:1      | Reached XP level 1. HP: 19/19 MP: 0/0
   115 | D:1      | Reached XP level 2. HP: 27/27 MP: 1/1
   569 | D:1      | Reached skill level 4 in Armour
   927 | D:2      | Reached XP level 3. HP: 33/33 MP: 2/2
  1625 | D:2      | Found a faded altar of an unknown god.
  1809 | D:3      | Noticed Robin
  1823 | D:3      | Killed Robin
  1824 | D:3      | Reached XP level 4. HP: 36/41 MP: 3/3
  1992 | D:3      | Reached skill level 5 in Armour
  2222 | D:3      | Reached skill level 5 in Fighting
  2222 | D:3      | Reached XP level 5. HP: 48/48 MP: 4/4
  3012 | D:4      | Noticed a phantom
  3021 | D:4      | Killed a phantom
  3022 | D:4      | Reached skill level 5 in Shields
  3232 | D:4      | Noticed a lemure
  3232 | D:4      | Noticed a lemure
  3234 | D:4      | Noticed Pikel
  3246 | D:4      | Noticed a lemure
  3248 | D:4      | Noticed a lemure
  3271 | D:5      | Entered Level 5 of the Dungeon
  3276 | D:5      | Reached skill level 6 in Armour
  3276 | D:5      | Reached XP level 6. HP: 27/56 MP: 5/5
  4111 | D:5      | Found a radiant altar of Vehumet.
  4457 | D:5      | Found a sparkling altar of Nemelex Xobeh.
  4745 | D:4      | Found a basalt altar of Yredelemnul.
  4834 | D:4      | Reached skill level 7 in Armour
  4834 | D:4      | Reached XP level 7. HP: 50/62 MP: 6/6
  5260 | D:4      | Killed Pikel
  5261 | D:4      | Reached skill level 8 in Armour
  5261 | D:4      | Reached XP level 8. HP: 23/71 MP: 7/7
  5499 | D:4      | Found a stormy altar of Qazlal.
  5770 | D:6      | Reached skill level 9 in Armour
  5853 | D:6      | Found a sand-covered staircase.
  5861 | Ossuary  | Entered an ossuary
  6163 | Ossuary  | Gained mutation: Your movements are slightly less
                  | encumbered by armour. (ER -2) [potion of mutation]
  6163 | Ossuary  | Gained mutation: You are partially covered in iridescent
                  | scales. (AC +2) [potion of mutation]
  6214 | D:6      | Reached skill level 10 in Armour
  6573 | D:6      | Reached skill level 1 in Dodging
  6620 | D:6      | Reached XP level 9. HP: 76/82 MP: 8/8
  7014 | D:6      | Reached skill level 11 in Armour
  7246 | D:7      | Found a staircase to the Ecumenical Temple.
  7283 | D:7      | Noticed Joseph
  7714 | D:7      | Killed Joseph
  7753 | Temple   | Entered the Ecumenical Temple
  8042 | Temple   | Became a worshipper of the Shining One
  8290 | D:7      | Found a broken altar of Ashenzari.
  8446 | D:7      | Reached skill level 10 in Fighting
  8688 | D:7      | Found a bloodstained altar of Trog.
  8704 | D:7      | Found a hide-covered altar of Uskayaw.
  8726 | D:7      | Reached skill level 12 in Armour
  8764 | D:7      | Reached * piety under the Shining One
  9104 | D:8      | Reached XP level 10. HP: 81/93 MP: 9/9
  9108 | D:8      | Reached skill level 1 in Invocations
  9118 | D:8      | Found a staircase to the Lair.
  9263 | D:8      | Found a glowing silver altar of Zin.
  9406 | D:8      | Reached ** piety under the Shining One
  9414 | D:8      | Found an ancient bone altar of Kikubaaqudgha.
  9759 | D:9      | Found a staircase to the Orcish Mines.
  9808 | D:9      | Reached skill level 13 in Armour
 10186 | D:9      | Noticed a gargoyle
 10188 | D:9      | Noticed a tengu warrior
 10196 | D:9      | Killed a gargoyle
 10214 | D:9      | Reached skill level 10 in Shields
 10221 | D:9      | Killed a tengu warrior
 10238 | D:9      | Reached XP level 11. HP: 53/104 MP: 12/12
 10665 | D:10     | Entered Level 10 of the Dungeon
 11067 | D:10     | Identified the +1 helmet of Pleasant Breezes {rN+}
 11121 | D:10     | Found a portal to a secret trove of treasure.
 11160 | D:10     | Found a shimmering blue altar of Sif Muna.
 11171 | D:10     | Reached *** piety under the Shining One
 11218 | D:10     | Found an iron altar of Okawaru.
 11309 | D:10     | Reached skill level 14 in Armour
 11318 | D:10     | Found a hazy altar of Hepliaklqana.
 11328 | D:10     | Found an opulent altar of Gozag.
 11517 | D:11     | Noticed a boulder beetle
 11539 | D:11     | HP: 3/102 [boulder beetle (49)]
 11543 | D:11     | Noticed a boulder beetle
 11552 | D:10     | Slain by a boulder beetle

Illustrated notes

Levels and vault maps discovered:
D:1:      dpeg_arrival_brainrot, layout_basic,
          amcnicky_mini_rare_corridor_liquid
D:2:      layout_basic, shapermc_ecumenical_altar_hornbeckon, chequers_avenue
D:3:      layout_loops_cross, uniq_robin
D:4:      layout_cave_pools, mainiacjoe_overflow_six_doors_small,
          lemuel_zombie_altar_yredelemnul, skrybe_limestone_x, hex_medium,
          minmay_liquid_box, hangedman_decor_peaks_small, uniq_pikel
D:5:      layout_layer_cave, general_overflow_altar,
          nicolae_overflow_crystal_walls
D:6:      layout_gridville, chequers_ossuary_entry_cave
D:7:      layout_loops_ring, mainiacjoe_overflow_large_starburst,
          mainiacjoe_overflow_alcove_4, minmay_temple_entry_overgrown,
          minmay_circle_x, uniq_joseph
D:8:      layout_basic, kennysheep_vampire_church, mainiacjoe_overflow_paths,
          due_lair_maze_entry_diamond, lightli_orcish_oven
D:9:      layout_stronghold, orc_0_dummy, minmay_fractal_squares_gapless_7
D:10:     layout_gridville, mainiacjoe_overflow_swirl, okawaru_trees_2,
          mainiacjoe_overflow_cross_hatched, nicolae_trove_entry_columns
D:11:     layout_long_grid
Temple:   compressed_dpeg_triangle_lava_temple

Skill      XL: |  1  2  3  4  5  6  7  8  9 10 11 |
---------------+----------------------------------+-----
Fighting       | 4 5 6 8 10 11 12 | 12.1
Shields        | 4 5 6 7 8 10 11 | 11.0
Armour         | 4 5 6 7 8 10 12 13 14 | 14.0
Dodging        | 1 2 |  2.5
Invocations    | 2 3 |  3.4
Axes           | |  2.4

Action                   |  1- 3 |  4- 6 |  7- 9 | 10-12 || total
-------------------------+-------+-------+-------+-------++-------
Melee: War axe           |    85 |   113 |   213 |       ||   411
       Headbutt          |    12 |    18 |    47 |    76 ||   153
       Long sword        |       |       |    39 |   258 ||   297
  Use: Scroll            |       |     7 |    13 |       ||    20
       Potion            |       |       |     4 |     5 ||     9
Armor: Scale mail        |     3 |       |       |       ||     3
       Plate armour      |    62 |   116 |   204 |   225 ||   607
       Skin              |       |       |    86 |       ||    86
Dodge: Dodged            |    45 |    54 |   124 |   143 ||   366
Block: Buckler           |    16 |    47 |    87 |   127 ||   277
